 Dungeon Crawl Stone Soup version 0.20-a0-1073-g49e0d3e (webtiles) character file.

13 Rrauwl the Charlatan (level 2, 0/23 (24) HPs)
             Began as a Ghoul Artificer on Apr 29, 2017.
             Slain by a goblin
             ... wielding a +0 club
              (4 damage)
             ... on level 1 of the Dungeon.
             The game lasted 00:01:56 (339 turns).

Rrauwl the Charlatan (Ghoul Artificer)               Turns: 339, Time: 00:01:57

HP:   0/23 (24)     AC:  3    Str: 15    XL:     2   Next: 37%
MP:   3/3           EV: 12    Int:  6    God:
Gold: 34            SH:  0    Dex:  9    Spells: 1/1 levels left

rFire    . . .     SeeInvis .   a - +0 short sword
rCold    + . .     Gourm    .   (no shield)
rNeg     + + +     Faith    .   b - +0 leather armour
rPois    ∞         Spirit   .   (no helmet)
rElec    .         Reflect  .   (no cloak)
rCorr    .         Harm     .   (no gloves)
MR       .....                  (no boots)
Stlth    +.........             (no amulet)
Regen    0.0/turn               (no ring)
MPRegen  0.1/turn               (no ring)

@: rotting
A: rotting body, claws 1, carnivore 3, cold resistance 1, negative energy
resistance 3, inhibited regeneration, torment resistance, unbreathing
a: no special abilities


You were on level 1 of the Dungeon.
You were not hungry.

You visited 1 branch of the dungeon, and saw 1 of its levels.

You collected 34 gold pieces.

Inventory:

Hand Weapons
 a - a +0 short sword (weapon)
Armour
 b - a +0 leather armour (worn)
Wands
 c - a wand of flame (14/48)
 d - a wand of enslavement (15/24)
 e - a wand of random effects (15/48)
Comestibles
 f - a meat ration


   Skills:
 + Level 1.7 Fighting
 - Level 1.0 Short Blades
 + Level 2.0 Dodging
 - Level 1.1 Stealth
 - Level 3.0 Evocations


You had one spell level left.
You didn't know any spells.

Dungeon Overview and Level Annotations

Branches:
Dungeon (1/15)

Altars:


Innate Abilities, Weirdness & Mutations

Your body is rotting away.
You thrive on raw meat.
You are immune to poison.
You have sharp fingernails.
You are carnivorous and can eat meat at any time.
Your flesh is cold resistant. (rC+)
You are immune to negative energy. (rN+++)
You do not regenerate when monsters are visible.
You are immune to unholy pain and torment.
You can survive without breathing.


Message History

The kobold is moderately wounded.
The kobold hits you with a whip.
* * * LOW HITPOINT WARNING * * *
You barely miss the kobold.
The kobold is moderately wounded.
The kobold hits you with a whip.
* * * LOW HITPOINT WARNING * * *
Evoke which item? (* to show all) (? for menu, Esc to quit)
Aiming: Throw Flame
Press: ? - help, Shift-Dir - straight line, f - kobold
Aim: a kobold, wielding a whip (moderately wounded)
The puff of flame hits the kobold.
You kill the kobold!
Your Dodging skill increases to level 2!
This wand has 14 charges left.
You closely miss the goblin. The goblin barely misses you.
You hit the goblin.
The goblin is severely wounded.
The goblin hits you with a club.
You die...

#########....#######.############
.............+............>......
########.#)..###.#...############
#......# #.### ##...# #......#
#.# #..... #......###+#.# #.....
#....##......# #.....
#....##......# ##...#
#....##...@..# ##'##
#....#####g#.# #....
#..(.......#.# #.###
##.#....)..#.# ######.#
..#.....)...# ##...##.# .
#(........# #.....#.##
....#.........# #..<..'.⌠#
.........(.(..# #.....#.##
.....#####)...# ##...##.#


You could see a goblin.

Vanquished Creatures
  A leopard gecko (D:1)
  2 goblins (D:1)
  2 hobgoblins (D:1)
  2 frilled lizards (D:1)
  2 kobolds (D:1)
  4 rats (D:1)
13 creatures vanquished.

Notes
Turn   | Place    | Note
-------+----------+-------------------------------------------
     0 | D:1      | Rrauwl the Ghoul Artificer began the quest for the Orb.
     0 | D:1      | Reached XP level 1. HP: 16/16 MP: 1/1
    74 | D:1      | Reached skill level 3 in Evocations
   228 | D:1      | Reached skill level 1 in Short Blades
   228 | D:1      | Reached XP level 2. HP: 21/23 MP: 3/3
   339 | D:1      | Slain by a goblin

Vault maps used:
D:1:      noname_arrival_rooms_in_the_neighbourhood, fountainhead

Skill      XL: |  1  2 |
---------------+-------+-----
Evocations     | 3 |  3.0
Short Blades   | 1 |  1.0
Dodging        | 2 |  2.0
Fighting       | |  1.7
Stealth        | |  1.1

Action                   || total
-------------------------++-------
Melee: Short sword       ||    55
Evoke: Wand              ||     1
 Stab: Sleeping          ||     1
  Eat: Chunk             ||     2
Armor: Leather armour    ||    10
Dodge: Dodged            ||    29
